 Dungeon Crawl Stone Soup version 0.31-a0-881-ge136f0c47a (webtiles) character file.

Game seed: 10797164579513325706

1714 pokeman the Thaumaturge (level 8, 0/41 (44) HPs)
             Began as a Deep Elf Hedge Wizard on Oct 16, 2023.
             Slain by a wight
             ... wielding a +3 war axe
              (3 damage)
             ... on level 6 of the Dungeon.
             The game lasted 00:24:31 (7541 turns).

pokeman the Thaumaturge (Deep Elf Hedge Wizard)     Turns: 7541, Time: 00:24:31

HP:   0/41 (44)     AC:  8    Str: 13    XL:     8   Next: 74%
MP:   6/33          EV: 12    Int: 22    God:
Gold: 169           SH:  0    Dex: 14    Spells: 20/28 levels left

rFire   . . .        a - +2 hand axe (elec)
rCold   + . .        (no shield)
rNeg    . . .        y - +1 leather armour {rC+}
rPois   .            b - +1 helmet
rElec   .            A - +0 cloak
rCorr   .            g - +0 pair of gloves
SInv    .            (no boots)
Will    .....        (no amulet)
Stlth   ++           m - ring of magical power
HPRegen 0.26/turn    w - +6 ring of strength
MPRegen 0.23/turn

%: no passive effects
@: drained
A: no striking features
a: no special abilities


You were on level 6 of the Dungeon.
You visited 2 branches of the dungeon, and saw 7 of its levels.

You collected 343 gold pieces.
You spent 174 gold pieces at shops.

Inventory:

Hand Weapons
 a - a +2 hand axe of electrocution (weapon)
 z - a +3 quarterstaff of chaos
Armour
 b - a +1 helmet (worn)
 g - a +0 pair of gloves (worn)
 r - a +0 buckler
 y - a +1 leather armour of cold resistance (worn)
 A - a +0 cloak (worn)
Jewellery
 m - a ring of magical power (left hand)
 t - an amulet of guardian spirit
 w - a +6 ring of strength (right hand)
Wands
 c - a wand of flame (11)
 B - a wand of paralysis (1)
Scrolls
 j - 2 scrolls of enchant armour {unknown}
 k - 5 scrolls of blinking {unknown}
 l - 6 scrolls of teleportation
 n - 6 scrolls of identify
 o - 2 scrolls of poison {unknown}
 p - a scroll of vulnerability {unknown}
 q - a scroll of torment {unknown}
 s - a scroll of fog {unknown}
 u - 2 scrolls of revelation
 v - a scroll of enchant weapon {unknown}
Potions
 d - a potion of magic
 e - 4 potions of lignification {unknown}
 f - 3 potions of degeneration {unknown}
 h - 2 potions of curing {unknown}
 i - a potion of heal wounds {unknown}
 x - 2 potions of enlightenment {unknown}


   Skills:
 - Level 2.0 Fighting
 - Level 2.0 Armour
 - Level 3.0 Dodging
 - Level 3.2 Stealth
 + Level 2.8 Shields
 * Level 10.9 Spellcasting
 + Level 5.9 Conjurations
 - Level 1.1 Summonings
 - Level 1.1 Translocations
 - Level 1.0 Air Magic
 - Level 1.0 Poison Magic


You had 20 spell levels left.
You knew the following spells:

 Your Spells              Type           Power      Damage    Failure   Level
a - Magic Dart            Conj           100%       1d8       1%          1
b - Mephitic Cloud        Conj/Pois/Air  23%        N/A       7%          3
c - Call Imp              Summ           32%        N/A       7%          2
d - Blink                 Tloc           32%        N/A       7%          2

Your spell library contained the following spells:

 Spells                   Type           Power      Damage    Failure   Level
 Slow                     Hex            48%        N/A       7%          1
 Cigotuvi's Dreadful Rot  Necr/Pois/Air  30%        N/A       9%          2


Dungeon Overview and Level Annotations

Branches:
Dungeon (6/15)             Temple (1/1) D:4

Altars:
Ashenzari
Cheibriados
Elyvilon
Gozag
Hepliaklqana
Kikubaaqudgha
Makhleb
Nemelex Xobeh
Qazlal
Ru
Uskayaw
Wu Jian
Xom
Yredelemnul
The Shining One

Shops:
D:4 ?


Message History

You completely miss the wight.
The wight is moderately damaged.
The wight closely misses you.
Your cerulean imp hits the wight from afar with a -3 spear.
You hit the wight but do no damage.
The wight is heavily damaged.
The wight hits you with a +3 war axe!
You feel drained.
Your cerulean imp hits the wight from afar with a -3 spear.
The wight barely misses you.
A wight comes into view. It is wielding a +3 halberd.
You hit the wight.
The wight is severely damaged.
Your cerulean imp hits the wight but does no damage.
Your cerulean imp closely misses the wight.
Unknown command.
You hit the wight but do no damage.
The wight is severely damaged.
The wight barely misses you. The wight hits you but does no damage.
Your cerulean imp hits the wight but does no damage.
Unknown command.
You strike the helpless wight from behind!
You hit the wight.
The wight is almost destroyed.
The wight barely misses you. The wight closely misses you.
Your cerulean imp barely misses the wight.
The wight hits you from afar with a +4 trident.
* * * LOW HITPOINT WARNING * * *
The wight closely misses you.
Casting: Call Imp (safe; 7% risk of failure)
Confirm with . or Enter, or press ? or * to list all spells.
Aiming: Magic Dart (safe; 1% risk of failure)
Press: ? - help, Shift-Dir - straight line, f/p - wight
Aim: a wight, wielding a +3 war axe and wearing a +0 robe (almost destroyed, ally target, 100% to hit)
The magic dart hits the wight but does no damage.
The wight is almost destroyed.
Your cerulean imp hits the wight but does no damage.
The wight hits you with a +3 war axe!
* * * LOW HITPOINT WARNING * * *
You feel drained.
You die...

#.### .#
#..^########.##
#...o........Y#
#...######.###...
#..## #..# #..# #z5#
#..# #z#...# #.##
#z##### #.# #@#
.#######.# #.#
...[.o...# #.#
.#######.# #)# ##.##
#.# ###...######.#
.####g.....g.....#
...)).#...########
########.############


You could see 3 wights and a friendly cerulean imp (summoned).

Vanquished Creatures
  A water moccasin (D:6)
  2 sky beasts
  An ice beast (D:5)
  An ogre (D:3)
  A centaur (D:4)
  2 bullfrogs
  A scorpion (D:5)
  A wight (D:6)
  A howler monkey (D:3)
  2 hounds
  A jelly (D:5)
  2 orc priests
  A gnoll bouda (D:6)
  An iguana (D:6)
  A sleepcap (D:6)
  Crazy Yiuf (D:5)
  5 orc wizards
  Natasha (thrice) (D:4)
  19 gnolls
  4 adders
  2 ufetubi (D:6)
  2 worms
  2 dart slugs (D:3)
  27 orcs
  6 bats
  10 endoplasms
  A giant cockroach (D:3)
  6 goblins
  5 hobgoblins
  28 jackals
  3 quokkas
  3 ball pythons
  4 frilled lizards
  11 kobolds
  5 rats
166 creatures vanquished.

Vanquished Creatures (collateral kills)
  A sleepcap (D:5)
  A gnoll (D:3)
  An orc (D:6)
3 creatures vanquished.

Grand Total: 169 creatures vanquished

Notes
Turn   | Place    | Note
-------+----------+-------------------------------------------
     0 | D:1      | pokeman the Deep Elf Hedge Wizard began the quest for the
                  | Orb.
     0 | D:1      | Reached XP level 1. HP: 10/10 MP: 7/7
   310 | D:1      | Reached XP level 2. HP: 12/15 MP: 3/9
  1138 | D:1      | Reached skill level 5 in Spellcasting
  1461 | D:2      | Reached XP level 3. HP: 20/20 MP: 6/11
  1465 | D:2      | Learned a level 3 spell: Mephitic Cloud
  1468 | D:2      | Learned a level 2 spell: Call Imp
  1471 | D:2      | Learned a level 2 spell: Blink
  1680 | D:2      | Found a faded altar of an unknown god.
  1842 | D:2      | Reached skill level 1 in Armour
  2043 | D:2      | Reached skill level 1 in Fighting
  2787 | D:3      | Reached XP level 4. HP: 25/25 MP: 13/13
  3253 | D:3      | Reached skill level 6 in Spellcasting
  3253 | D:3      | Reached XP level 5. HP: 21/29 MP: 3/15
  3443 | D:3      | Noticed an ogre
  3491 | D:3      | Killed an ogre
  3492 | D:3      | Reached skill level 1 in Shields
  3492 | D:3      | Reached XP level 6. HP: 27/34 MP: 2/17
  3660 | D:3      | Reached skill level 7 in Spellcasting
  3801 | D:3      | Reached skill level 1 in Poison Magic
  3846 | D:3      | Reached skill level 1 in Air Magic
  4137 | D:3      | Found a glowing golden altar of the Shining One.
  4783 | D:4      | Noticed Natasha
  4783 | D:4      | Found Ysynyukk's Magic Scroll Boutique.
  4794 | D:4      | Killed Natasha
  4795 | D:4      | Reached XP level 7. HP: 17/39 MP: 19/20
  4886 | D:4      | Bought a scroll of revelation for 90 gold pieces
  4886 | D:4      | Bought a scroll of teleportation for 36 gold pieces
  4886 | D:4      | Bought a scroll of identify for 24 gold pieces
  4886 | D:4      | Bought a scroll of identify for 24 gold pieces
  4985 | D:4      | Noticed Natasha
  5081 | D:4      | Killed Natasha
  5182 | D:4      | Noticed Natasha
  5189 | D:4      | Killed Natasha
  5245 | D:4      | Found a sparkling altar of Nemelex Xobeh.
  5266 | D:4      | Reached skill level 8 in Spellcasting
  5370 | D:4      | Found a staircase to the Ecumenical Temple.
  5379 | Temple   | Entered the Ecumenical Temple
  5556 | D:4      | Found a sacrificial altar of Ru.
  5599 | D:5      | Entered Level 5 of the Dungeon
  6001 | D:5      | Found an ornate altar of the Wu Jian Council.
  6108 | D:5      | Found a runed translucent door.
  6109 | D:5      | Noticed Crazy Yiuf
  6148 | D:5      | Reached skill level 9 in Spellcasting
  6688 | D:5      | Reached XP level 8. HP: 36/44 MP: 23/23
  6897 | D:5      | Reached skill level 5 in Conjurations
  7188 | D:5      | Killed Crazy Yiuf
  7338 | D:6      | Reached skill level 10 in Spellcasting
  7541 | D:6      | Slain by a wight

Illustrated notes

Levels and vault maps discovered:
D:1:      spicycebolla_green_bress_n_ham_2, layout_basic
D:2:      layout_basic, serial_bayou, serial_bayou_pond_e, serial_bayou_ford_a,
          serial_bayou_pond_a, serial_bayou_pond_e,
          shapermc_ecumenical_altar_ellora
D:3:      lemuel_castle_with_subvaults [lemuel_castle_interior_carwin_2],
          layout_loops_corners, tso_oasis_becter, minmay_door_square
D:4:      layout_cave_pools, mainiacjoe_overflow_alcove_1,
          nicolae_ru_the_path_less_chosen, minmay_temple_entry_crystal_x,
          serial_shops, shop, uniq_natasha
D:5:      layout_loops_ring, mainiacjoe_overflow_24_doors,
          uniq_crazy_yiuf_cottage
D:6:      layout_loops_ring, gammafunk_temple_overflow_pools,
          lightli_sewer_entry_pipes, minmay_joined_circles
Temple:   minmay_temple_curvy_loop

Skill      XL: |  1  2  3  4  5  6  7  8 |
---------------+-------------------------+-----
Spellcasting   | 5 6 7 9 10 | 10.9
Conjurations   | 2 3 4 5 |  5.9
Armour         | 1 2 |  2.0
Fighting       | 1 2 |  2.0
Dodging        | 3 |  3.0
Stealth        | 3 |  3.2
Shields        | 1 2 |  2.8
Poison Magic   | 1 |  1.0
Air Magic      | 1 |  1.0
Summonings     | |  1.1
Translocations | |  1.1

Action                     |  1- 3 |  4- 6 |  7- 9 || total
---------------------------+-------+-------+-------++-------
  Melee: Dagger            |    37 |    70 |    11 ||   118
         Punch             |     1 |       |     1 ||     2
         Short sword       |       |       |    10 ||    10
         Hand axe          |       |       |    44 ||    44
   Cast: Magic Dart        |   130 |   199 |   154 ||   483
         Mephitic Cloud    |     1 |     7 |    18 ||    26
         Call Imp          |       |     1 |    16 ||    17
         Blink             |       |       |     3 ||     3
  Evoke: Wand              |       |       |     2 ||     2
   Stab: Confused          |     1 |     3 |     9 ||    13
         Paralysed         |       |       |     3 ||     3
         Distracted        |       |       |     1 ||     1
 Armour: Robe              |    25 |    76 |    17 ||   118
         Leather armour    |       |       |    54 ||    54
  Dodge: Dodged            |    42 |   104 |    63 ||   209

Table legend: (Time is in decaauts)
 A = Elapsed time spent in this place.
 B = Non-inter-level travel time spent in this place.
 C = Inter-level travel time spent in this place.
 D = Time resting spent in this place.
 E = Time spent auto-exploring this place.
 F = Levels seen in this place.
 G = Mean time per level.
                   A        B        C        D        E       F      G
               +--------+--------+--------+--------+--------+-----+--------+
         Total |   7570 |   7360 |    210 |    417 |   5556 |   7 | 1081.4 |
       Dungeon |   7568 |   7358 |    210 |    417 |   5556 |   6 | 1261.3 |
        Temple |      1 |      1 |      0 |      0 |      0 |   1 |    1.0 |
               +--------+--------+--------+--------+--------+-----+--------+

Top non-repeatable levels by time:
     D:3: 2200 daAuts
     D:1: 1457 daAuts
     D:5: 1344 daAuts
     D:2: 1162 daAuts
     D:4: 1108 daAuts
     D:6: 294 daAuts
  Temple: 1 daAuts
